 Dungeon Crawl Stone Soup version 0.30-a0-778-g2ef04afb54 (webtiles) character file.

Game seed: 10346302494364362102

649 BubbleThief the Grave Robber (level 7, -6/52 HPs)
             Began as a Demonspawn Necromancer on Feb 15, 2023.
             Mangled by a two-headed ogre
             ... wielding a +0 giant spiked club
              (32 damage)
             ... on level 5 of the Dungeon.
             The game lasted 00:09:43 (5144 turns).

BubbleThief the Grave Robber (DsNe)                 Turns: 5144, Time: 00:09:44

Health: -6/52      AC:  5    Str:  8    XL:     7   Next: 28%
Magic:  0/12       EV: 12    Int: 16    God:
Gold:   200        SH:  4    Dex: 16    Spells: 11/13 levels left

rFire   . . .      SeeInvis .    l - +0 dagger (flame)
rCold   . . .      Faith    .    (no shield)
rNeg    . . .      Spirit   .    a - +0 robe
rPois   .          Reflect  .    (no helmet)
rElec   .          Harm     .    (no cloak)
rCorr   .          Rampage  .    r - +0 pair of gloves
Will    .....                    (no boots)
Stlth   +++                      (no amulet)
HPRegen 0.28/turn                (no ring)
MPRegen 0.13/turn                (no ring)

@: studying Fire Magic
A: molten scales 1, condensation shield, demonic magic 2, weakness stinger 1
a: no special abilities


You were on level 5 of the Dungeon.
You visited 1 branch of the dungeon, and saw 5 of its levels.
You also visited: Sewer.

You collected 200 gold pieces.

Inventory:

Hand Weapons
 l - a +0 dagger of flaming (weapon)
Armour
 a - a +0 robe (worn)
 r - a +0 pair of gloves (worn)
Jewellery
 p - an amulet of faith
Wands
 v - a wand of flame (40)
 w - a wand of mindburst (17)
Scrolls
 c - a scroll of teleportation
 e - a scroll of immolation {unknown}
 f - a scroll of identify {unknown}
 g - 2 scrolls of noise {unknown}
 h - 2 scrolls of fog {unknown}
 i - 6 scrolls of fear {unknown}
 j - a scroll of silence {unknown}
 k - a scroll of enchant armour {unknown}
 u - a scroll of blinking {unknown}
 x - 2 scrolls of amnesia {unknown}
Potions
 b - a potion of magic
 m - a potion of lignification {unknown}
 n - 3 potions of brilliance {unknown}
 o - 4 potions of heal wounds {unknown}
 q - 3 potions of curing {unknown}
 s - a potion of cancellation {unknown}
 t - a potion of attraction {unknown}
 z - a potion of mutation {unknown}


   Skills:
 + Level 3.4 Fighting
 + Level 2.5 Short Blades
 - Level 1.7 Dodging
 + Level 3.5 Stealth
 + Level 3.5 Spellcasting
 + Level 6.4 Necromancy


You had 11 spell levels left.
You knew the following spells:

 Your Spells              Type           Power      Damage    Failure   Level
a - Necrotise             Necr           92%        1d8       1%          1
b - Sandblast             Erth           4%         2d4       19%         1

Your spell library contained the following spells:

 Spells                   Type           Power      Damage    Failure   Level
 Vampiric Draining        Necr           23%        2d7       3%          3
 Animate Dead             Necr           23%        N/A       13%         4
 Passwall                 Tmut/Erth      1%         N/A       26%         2
 Agony                    Necr           23%        N/A       34%         5
 Stone Arrow              Conj/Erth      4%         3d7       47%         3


Dungeon Overview and Level Annotations

Branches:
Dungeon (5/15)              Sewer (visited)
 Temple: D:4-7

Altars:

Shops:
D:1 (   D:4 *

Annotations:
D:2 1 runed translucent door, Crazy Yiuf
D:4 3 runed translucent doors, Valamore's ghost, amateur GrMo


Innate Abilities, Weirdness & Mutations

You are partially covered in molten scales. (AC +2)
A meltable shield of frost defends you. (SH +4)
Spells you cast may paralyse nearby enemies.
You have a small tail.


Message History

The helpless ice beast fails to defend itself.
You puncture the ice beast!
You melt the ice beast!
You tail-slap the ice beast.
You kill the ice beast!
You feel sick.
Aiming: Necrotise (safe; 1% risk of failure)
Press: ? - help, Q - select action, (/) - cycle Shift-Dir - straight line
Okay, then.
You feel sick.
You feel sick.
You are no longer poisoned.
Your adder skeleton bites the iguana but does no damage.
Your adder skeleton barely misses the iguana.
The iguana hisses menacingly.
Aiming: Necrotise (safe; 1% risk of failure)
Press: ? - help, Q - select action, (/) - cycle Shift-Dir - straight line, f - two-headed ogre
Aim: a two-headed ogre, wielding a +0 giant spiked club and a +0 giant club (chance to affect: 67%)
The two-headed ogre writhes in agony.
Malevolent energies surge around you.
The iguana suddenly stops moving!
Aiming: Necrotise (safe; 1% risk of failure)
Press: ? - help, Q - select action, (/) - cycle Shift-Dir - straight line, f/p - two-headed ogre
Aim: a two-headed ogre, wielding a +0 giant spiked club and a +0 giant club (lightly wounded, chance to affect: 67%)
The two-headed ogre writhes in agony!
Malevolent energies surge around you.
Your adder skeleton bites the iguana but does no damage.
The two-headed ogre hits you with a +0 giant spiked club!!
The two-headed ogre barely misses you.
Aiming: Necrotise (safe; 1% risk of failure)
Press: ? - help, Q - select action, (/) - cycle Shift-Dir - straight line, f/p - two-headed ogre
Aim: a two-headed ogre, wielding a +0 giant spiked club and a +0 giant club (lightly wounded, chance to affect: 67%)
The two-headed ogre struggles to resist.
Malevolent energies surge around you.
Your adder skeleton bites the iguana but does no damage.
Aiming: Necrotise (safe; 1% risk of failure)
Press: ? - help, Q - select action, (/) - cycle Shift-Dir - straight line, f/p - two-headed ogre
Aim: a two-headed ogre, wielding a +0 giant spiked club and a +0 giant club (lightly wounded, chance to affect: 67%)
The two-headed ogre writhes in agony.
Malevolent energies surge around you.
Your adder skeleton bites the iguana but does no damage.
The two-headed ogre hits you with a +0 giant spiked club!!
Ouch! That really hurt!
You die...

#..# #..# #..# #..#
#..# #..# #..#
#.@##### ##.O...####
#Zl.......######
#...............####
#.........######......
............# ######.
....#.......# ##
##..######### ##


You could see a two-headed ogre, an iguana (paralysed, ally target) and a
friendly adder skeleton.

Vanquished Creatures
  An ice beast (D:5)
  A kobold brigand (Sewer)
  A scorpion (D:5)
  2 hounds
  A jelly (D:5)
  2 iguanas
  4 gnolls (D:4)
  9 adders
  5 river rats (Sewer)
  An ufetubus (D:4)
  2 worms
  4 dart slugs
  11 orcs
  7 ball pythons
  6 bats
  4 endoplasms
  5 hobgoblins
  3 jackals (Sewer)
  3 quokkas
  5 frilled lizards
  10 goblins
  18 kobolds
  8 rats
113 creatures vanquished.

Vanquished Creatures (collateral kills)
  An orc (D:3)
1 creature vanquished.

Vanquished Creatures (others)
  6 plants (Sewer)
6 creatures vanquished.

Grand Total: 120 creatures vanquished

Notes
Turn   | Place    | Note
-------+----------+-------------------------------------------
     0 | D:1      | BubbleThief the Demonspawn Necromancer began the quest for
                  | the Orb.
     0 | D:1      | Reached XP level 1. HP: 13/13 MP: 3/3
   253 | D:1      | Gained mutation: You have a small tail. [demonic ancestry]
   253 | D:1      | Reached XP level 2. HP: 19/19 MP: 0/5
   900 | D:1      | Reached skill level 5 in Necromancy
   936 | D:1      | Found Zuiha's Antique Weapon Emporium.
  1256 | D:2      | Gained mutation: A meltable shield of frost defends you.
                  | (SH +4) [demonic ancestry]
  1256 | D:2      | Reached XP level 3. HP: 24/24 MP: 2/6
  1421 | D:2      | Identified the +6 sling "Vushra Ililud" {drain, rC+ Str+3}
  1753 | D:2      | Found a runed translucent door.
  1754 | D:2      | Noticed Crazy Yiuf
  1780 | D:2      | Gained mutation: You are partially covered in molten
                  | scales. (AC +2) [demonic ancestry]
  1780 | D:2      | Reached XP level 4. HP: 30/30 MP: 8/8
  2083 | D:2      | Reached skill level 6 in Necromancy
  2272 | D:3      | Found a glowing drain.
  2281 | Sewer    | Entered a sewer
  2307 | Sewer    | Reached skill level 1 in Fighting
  2467 | Sewer    | Gained mutation: Spells you cast may paralyse adjacent
                  | enemies. [demonic ancestry]
  2467 | Sewer    | Reached XP level 5. HP: 31/38 MP: 4/9
  2551 | Sewer    | Reached skill level 1 in Short Blades
  3323 | D:3      | Gained mutation: Spells you cast may paralyse nearby
                  | enemies. [demonic ancestry]
  3323 | D:3      | Reached XP level 6. HP: 46/46 MP: 10/10
  4044 | D:4      | Found a runed translucent gate.
  4044 | D:4      | Found a runed translucent gate.
  4045 | D:4      | Found a runed translucent gate.
  4095 | D:4      | Noticed an ice beast
  4212 | D:4      | Found Jemet's General Store.
  4562 | D:4      | Learned a level 1 spell: Sandblast
  4886 | D:4      | Noticed Valamore's ghost (amateur GrMo)
  4922 | D:5      | Entered Level 5 of the Dungeon
  4980 | D:5      | Noticed a two-headed ogre
  5119 | D:5      | Reached XP level 7. HP: 52/52 MP: 7/12
  5144 | D:5      | Mangled by a two-headed ogre

Illustrated notes

Levels and vault maps discovered:
D:1:      mushboom_english_gardens, layout_loops_corners, serial_shops,
          nicolae_lakefront_shop
D:2:      layout_loops_cross, nrook_uturn, uniq_crazy_yiuf_cottage
D:3:      layout_basic, portal_sewer_entry_d, kennysheep_nondescript,
          wad_floor_pattern_untrapped, minmay_door_square
D:4:      layout_basic, gammafunk_ghost_icy, dk_vineyard_1,
          nicolae_take_the_stairs
D:5:      layout_cave_pods

Skill      XL: |  1  2  3  4  5  6 |
---------------+-------------------+-----
Necromancy     | 5 6 |  6.4
Spellcasting   | 3 |  3.5
Fighting       | 1 2 3 |  3.4
Short Blades   | 1 2 |  2.5
Stealth        | 2 3 |  3.5
Dodging        | |  1.7

Action                     |  1- 3 |  4- 6 |  7- 9 || total
---------------------------+-------+-------+-------++-------
  Melee: Dagger            |     3 |    26 |     3 ||    32
         Tailslap          |       |     2 |     1 ||     3
   Fire: Sling             |    33 |    81 |       ||   114
   Cast: Necrotise         |    51 |    65 |    10 ||   126
  Evoke: Wand              |       |     1 |       ||     1
    Use: Scroll            |       |     2 |       ||     2
   Stab: Paralysed         |       |     7 |     2 ||     9
         Sleeping          |       |     1 |       ||     1
 Armour: Robe              |     4 |    20 |     2 ||    26
  Dodge: Dodged            |    16 |    33 |     2 ||    51
  Block: Other             |     2 |     8 |       ||    10

Table legend: (Time is in decaauts)
 A = Elapsed time spent in this place.
 B = Non-inter-level travel time spent in this place.
 C = Inter-level travel time spent in this place.
 D = Time resting spent in this place.
 E = Time spent auto-exploring this place.
 F = Levels seen in this place.
 G = Mean time per level.
                   A        B        C        D        E       F      G
               +--------+--------+--------+--------+--------+-----+--------+
         Total |   5343 |   5203 |    140 |      5 |   4419 |   6 |  890.5 |
       Dungeon |   4418 |   4278 |    140 |      5 |   3651 |   5 |  883.6 |
         Sewer |    925 |    925 |      0 |      0 |    767 |   1 |  925.0 |
               +--------+--------+--------+--------+--------+-----+--------+

Top non-repeatable levels by time:
     D:1: 1162 daAuts
     D:4: 1086 daAuts
     D:2: 1038 daAuts
     D:3: 947 daAuts
   Sewer: 925 daAuts
     D:5: 183 daAuts
